 Dungeon Crawl Stone Soup version 0.30.0-13-g156ef70053 (webtiles) character file.

Game seed: 6899134173081094100

3087 browni3141 the Blocker (level 9, -12/79 HPs)
             Began as a Minotaur Fighter on May 17, 2023.
             Was a Priest of Okawaru.
             Mangled by Gastronok (14 damage)
             ... on level 8 of the Dungeon.
             The game lasted 00:04:10 (6853 turns).

browni3141 the Blocker (Minotaur Fighter)           Turns: 6853, Time: 00:04:11

Health: -12/79     AC: 16    Str: 21    XL:     9   Next: 59%
Magic:  11/11      EV: 15    Int:  5    God:    Okawaru [***...]
Gold:   198        SH: 20    Dex: 20    Spells: 8/8 levels left

rFire   . . .        a - +0 war axe
rCold   . . .        O - +0 tower shield
rNeg    . . .        b - +0 scale mail
rPois   .            (helmet restricted)
rElec   .            (no cloak)
rCorr   .            S - +2 pair of gloves
SInv    .            A - +2 pair of boots of the Arena {Dex+6}
Will    .....        (no amulet)
Stlth   ++           (no ring)
HPRegen 0.33/turn    (no ring)
MPRegen 0.12/turn

%: no passive effects
@: heroic
A: horns 2, retaliatory headbutt
a: Renounce Religion, Heroism


You were on level 8 of the Dungeon.
You worshipped Okawaru.
Okawaru was most pleased with you.
You visited 2 branches of the dungeon, and saw 9 of its levels.
You also visited: Sewer.

You collected 394 gold pieces.
You spent 196 gold pieces at shops.

Inventory:

Hand Weapons
 a - a +0 war axe (weapon)
Armour
 b - a +0 scale mail (worn)
 c - a +0 buckler
 A - the +2 pair of boots of the Arena (worn) {Dex+6}
   (You found it on level 3 of the Dungeon)

   Dex:       It affects your dexterity (+6).
 O - a +0 tower shield (worn)
 S - a +2 pair of gloves (worn)
Wands
 C - a wand of roots (4)
 V - a wand of flame (4)
Scrolls
 r - 2 scrolls of identify
 w - a scroll of teleportation {unknown}
 y - a scroll of noise {unknown}
 B - a scroll of poison
 F - a scroll of fog
 G - 2 scrolls of immolation
 H - 3 scrolls of silence
 I - 2 scrolls of brand weapon
 L - 2 scrolls of magic mapping {unknown}
 P - 2 scrolls of blinking
 Q - a scroll of acquirement {unknown}
 R - 2 scrolls of enchant armour {unknown}
 W - a scroll of torment {unknown}
 X - 2 scrolls of vulnerability {unknown}
 Y - 4 scrolls of fear {unknown}
 Z - 2 scrolls of amnesia {unknown}
Potions
 d - a potion of berserk rage {unknown}
 e - 3 potions of heal wounds {unknown}
 v - a potion of brilliance {unknown}
 x - a potion of haste {unknown}
 z - a potion of magic {unknown}
 D - a potion of mutation {unknown}
 E - a potion of flight {unknown}
 J - a potion of ambrosia {unknown}
 K - a potion of degeneration {unknown}
 M - 3 potions of might
 N - a potion of curing {unknown}
 T - 2 potions of lignification {unknown}
 U - a potion of attraction {unknown}


   Skills:
 + Level 7.1(12.1) Fighting
 + Level 6.6(11.6) Axes
 + Level 7.2(12.2) Armour
 + Level 5.4(10.4) Dodging
 * Level 9.5(14.5) Shields
 + Level 4.3 Invocations


You had 8 spell levels left.
You didn't know any spells.
Your spell library contained the following spells:

 Spells                   Type           Power      Damage    Failure   Level
 Ensorcelled Hibernation  Hex/Ice        0%         N/A       99%         2
 Sublimation of Blood     Necr           0%         N/A       99%         2
 Wereblood                Tmut           0%         N/A       99%         2
 Gell's Gravitas          Tloc           0%         N/A       100%        3
 Inner Flame              Hex/Fire       0%         N/A       100%        3
 Spider Form              Tmut/Pois      0%         N/A       100%        3
 Teleport Other           Tloc           0%         N/A       100%        3
 Anguish                  Hex/Necr       0%         N/A       100%        4
 Flame Wave               Conj/Fire      0%         2d4       100%        4
 Sticky Flame             Conj/Fire      0%         2d3       100%        4
 Dispersal                Tloc           0%         N/A       100%        6
 Summon Hydra             Summ           Unusable   N/A       N/A         7

Dungeon Overview and Level Annotations

Branches:
Dungeon (8/15)             Temple (1/1) D:4           Sewer (visited)
   Lair: D:8-11

Altars:
Ashenzari
Cheibriados
Dithmenos
Elyvilon
Fedhas
Gozag
Hepliaklqana
Kikubaaqudgha
Makhleb
Nemelex Xobeh
Okawaru
Qazlal
Ru
Sif Muna
Trog
Uskayaw
Vehumet
Wu Jian
Xom
Yredelemnul
Zin
The Shining One

Shops:
D:5 *   D:6 *

Annotations:
D:8 Gastronok


Innate Abilities, Weirdness & Mutations

You have a pair of horns on your head.
You reflexively headbutt those who attack you in melee.


Message History

The yak barely misses you. You furiously retaliate!
You headbutt the yak!
You kill the yak!
Okawaru accepts your kill.
Things that are here:
a yak corpse; a yak corpse; a yak corpse No target in view!
You feel like a meek peon again.
Key pressed, stopping explore.
A wyvern comes into view.
The wyvern hisses angrily.
A wyvern is nearby!
A wyvern is nearby!
A wyvern is nearby!
You slash the wyvern! Your headbutt misses the wyvern.
The wyvern is severely wounded.
You block the wyvern's attack. x2; The wyvern completely misses you.
You furiously retaliate!
You headbutt the wyvern, but do no damage.
You barely miss the wyvern.
The wyvern is severely wounded.
You block the wyvern's attack. The wyvern completely misses you.
You slash the wyvern!
You kill the wyvern!
Okawaru accepts your kill.
You now have 198 gold pieces (gained 14).
Gastronok the Ponderous comes into view.
Gastronok gurgles horribly!
Gastronok is nearby!
Gastronok is nearby!
Gastronok is nearby!
You gain the combat prowess of a mighty hero.
Gastronok casts a spell.
Gastronok puts on a burst of speed!
You slash Gastronok! You headbutt Gastronok.
Gastronok is lightly wounded.
You barely miss Gastronok.
Gastronok is lightly wounded.
Gastronok bites you!
You hit Gastronok but do no damage.
Gastronok is lightly wounded.
You hit Gastronok.
Gastronok is lightly wounded.
You block Gastronok's attack.
You hit Gastronok but do no damage. You headbutt Gastronok!
Gastronok is moderately wounded.
You hit Gastronok but do no damage. You headbutt Gastronok.
Gastronok is moderately wounded.
Gastronok wobbles crazily.
You hit Gastronok but do no damage. You headbutt Gastronok!
Gastronok is moderately wounded.
Gastronok bites you!!
You hit Gastronok.
Gastronok is moderately wounded.
You hit Gastronok. You headbutt Gastronok!
Gastronok is moderately wounded.
Gastronok bites you!
You slash Gastronok!
Gastronok is heavily wounded.
You slash Gastronok!
Gastronok is heavily wounded.
Gastronok waves his eye-stalks in wide circles.
The air twists around and strikes you!
You completely miss Gastronok.
Gastronok is heavily wounded.
You hit Gastronok.
Gastronok is heavily wounded.
Gastronok bites you but does no damage.
You hit Gastronok. You headbutt Gastronok.
Gastronok is heavily wounded.
You slash Gastronok! You headbutt Gastronok!
Gastronok is severely wounded.
Gastronok's eyestalks quiver as he mumbles some strange words.
You slash Gastronok!
Gastronok is almost dead.
You hit the bat.
You kill the bat!
The bat's corpse disappears in a puff of smoke!
You hit the quokka but do no damage. You block the quokka's attack.
You hit Gastronok.
You headbutt Gastronok, but do no damage.
Gastronok is almost dead.
You closely miss the quokka. You block the quokka's attack.
Gastronok bites you!!
You hit Gastronok. You headbutt Gastronok!
Gastronok is almost dead.
You hit the quokka but do no damage. You slash the rat!
You kill the rat!
The rat's corpse disappears in a puff of smoke!
The quokka barely misses you.
Unknown command.
Okay, then.
You hit Gastronok.
Gastronok is almost dead.
You closely miss the quokka. The quokka misses you.
Gastronok barely misses you. You block the quokka's attack.
You hit Gastronok but do no damage.
Gastronok is almost dead.
You closely miss the quokka. You block the quokka's attack.
Gastronok bites you!
You die...

#. #.+......+
#.#......# #
#.#......##
#.#.#.......#
#.#.#.#####.#
#...#.# .#
#.###...# #
#......r#
#######@#
#.w......
#....###.
######


You could see Gastronok (swift) and a quokka (summoned).

Vanquished Creatures
  2 wyverns
  3 yaks (D:8)
  Edmund (D:5)
  3 water moccasins
  2 black bears (D:5)
  2 sky beasts
  An ice beast (D:6)
  2 ogres
  2 bullfrogs
  2 gnoll sergeants
  A scorpion (D:5)
  4 wights (D:7)
  2 hounds
  2 jellies (D:5)
  3 iguanas
  4 orc wizards
  13 gnolls
  13 adders
  3 shadow imps
  6 white imps
  3 ufetubi (D:7)
  2 worms (D:2)
  4 dart slugs
  24 orcs
  11 endoplasms
  10 giant cockroaches
  7 goblins
  10 hobgoblins
  7 jackals
  6 quokkas
  10 ball pythons
  3 bats
  8 frilled lizards
  7 kobolds
  6 rats
189 creatures vanquished.

Notes
Turn   | Place    | Note
-------+----------+-------------------------------------------
     0 | D:1      | browni3141 the Minotaur Fighter began the quest for the
                  | Orb.
     0 | D:1      | Reached XP level 1. HP: 19/19 MP: 0/0
   118 | D:1      | Reached XP level 2. HP: 25/27 MP: 1/1
   272 | D:1      | Reached skill level 4 in Shields
   352 | D:1      | Reached XP level 3. HP: 33/33 MP: 2/2
   600 | D:2      | Reached skill level 3 in Axes
   604 | D:1      | Reached XP level 4. HP: 17/40 MP: 3/3
  1658 | D:3      | Identified the +2 pair of boots of the Arena {Dex+6}
  1677 | D:3      | Reached XP level 5. HP: 35/47 MP: 4/4
  1760 | D:3      | Found an ornate altar of the Wu Jian Council.
  1799 | D:3      | Found a bloodstained altar of Trog.
  1808 | D:3      | Found a snail-covered altar of Cheibriados.
  1962 | D:3      | Found a sparkling altar of Nemelex Xobeh.
  1986 | D:3      | Reached skill level 5 in Shields
  2080 | D:3      | Found a glowing golden altar of the Shining One.
  2726 | D:4      | Found a staircase to the Ecumenical Temple.
  2765 | Temple   | Entered the Ecumenical Temple
  2881 | Temple   | Became a worshipper of Warmaster Okawaru
  3392 | D:5      | Entered Level 5 of the Dungeon
  3449 | D:5      | Found Irairr's Gadget Gallery.
  3457 | D:5      | Bought a wand of roots (4) for 124 gold pieces
  3469 | D:5      | Reached XP level 6. HP: 53/53 MP: 5/5
  3540 | D:5      | Noticed Edmund
  3552 | D:5      | Killed Edmund
  3552 | D:5      | Reached * piety under Okawaru
  3553 | D:5      | Reached skill level 6 in Shields
  3553 | D:5      | Reached XP level 7. HP: 39/61 MP: 7/7
  3555 | D:5      | Found a glowing drain.
  3564 | Sewer    | Entered a sewer
  3737 | Sewer    | Reached skill level 3 in Dodging
  4715 | D:6      | Reached skill level 7 in Shields
  4732 | D:6      | Reached XP level 8. HP: 70/70 MP: 8/8
  4803 | D:6      | Found Vuramoro's Assorted Antiques.
  4960 | D:6      | Bought a scroll labelled VOUD ITYGUZE for 25 gold pieces
  4960 | D:6      | Bought a bubbling dark potion for 22 gold pieces
  4960 | D:6      | Bought a scroll labelled CYPILU HYRILO for 25 gold pieces
  4974 | D:6      | Reached ** piety under Okawaru
  5122 | D:6      | Reached skill level 6 in Armour
  5189 | D:6      | Reached skill level 6 in Fighting
  5289 | D:6      | Found a glowing silver altar of Zin.
  5305 | D:6      | Reached skill level 3 in Invocations
  5361 | D:6      | Found a white marble altar of Elyvilon.
  5392 | D:6      | Found an ancient bone altar of Kikubaaqudgha.
  5658 | D:7      | Reached skill level 8 in Shields
  6154 | D:7      | Reached *** piety under Okawaru
  6155 | D:7      | Reached XP level 9. HP: 78/78 MP: 10/10
  6208 | D:7      | Reached skill level 6 in Axes
  6642 | D:8      | Reached skill level 9 in Shields
  6830 | D:8      | Noticed Gastronok
  6850 | D:8      | HP: 1/79 [Gastronok (24)]
  6853 | D:8      | Mangled by Gastronok

Illustrated notes

Levels and vault maps discovered:
D:1:      shiori_arrival_maze, layout_rooms, grunt_decor_mini_mirrors,
          minmay_split_cup_small
D:2:      layout_loops_ring, st_stairs_6, serial_bayou_ford_a,
          minmay_strange_pillars, minivault_19, grunt_decor_clamped
D:3:      layout_loops_ring, mainiacjoe_overflow_alcove_2,
          mainiacjoe_overflow_surrounded_room, lemuel_round_altar,
          lemuel_doored_altar, mainiacjoe_overflow_tiny_flanked,
          corexii_hall_statues_i
D:4:      layout_basic, minmay_temple_entry_enclosed_plants
D:5:      layout_cave_pools, serial_bayou, serial_bayou_crossing,
          serial_bayou_shore_a, serial_bayou_lake_a, serial_bayou_lagoon_b,
          portal_sewer_entry_d, nicolae_shop_gadgets, uniq_edmund
D:6:      layout_basic, zin_academy, mainiacjoe_overflow_two_lobes,
          serial_shops, shop
D:7:      layout_cave_pools, serial_demonic, serial_demonic_g, serial_demonic_b,
          serial_demonic_e, serial_demonic_g, serial_demonic_f, serial_demonic_f
D:8:      minmay_evil_eye, layout_basic, eino_tiny_chamber, minivault_26,
          uniq_erica, uniq_gastronok
Temple:   nicolae_temple_two_arcs

Skill      XL: |  1  2  3  4  5  6  7  8  9 |
---------------+----------------------------+-----
Shields        | 4 5 6 7 8 9 |  9.5
Armour         | 4 5 6 7 |  7.2
Fighting       | 4 5 6 7 |  7.1
Axes           | 3 4 5 6 |  6.6
Dodging        | 1 2 3 4 5 |  5.4
Invocations    | 1 2 3 4 |  4.3

Action                     |  1- 3 |  4- 6 |  7- 9 || total
---------------------------+-------+-------+-------++-------
  Melee: War axe           |    53 |   131 |   319 ||   503
         Headbutt          |     6 |    18 |    66 ||    90
 Invoke: Heroism           |       |       |     2 ||     2
    Use: Scroll            |       |       |     5 ||     5
 Armour: Scale mail        |    25 |    62 |   148 ||   235
  Dodge: Dodged            |    11 |    37 |   105 ||   153
  Block: Tower shield      |    35 |   119 |   334 ||   488
         Buckler           |     1 |       |       ||     1
